 Dungeon Sprint DCSS version 0.31.0-11-ge490571c62 (webtiles) character file.

Game seed: 6804594405402037058

6700000 Ashen the Intangible (level 27, -13/228 HPs)
             Began as a Djinni Hedge Wizard on Jan 27, 2024.
             Was the Champion of Makhleb.
             Mangled by a meat berserker
             ... wielding a +9 battleaxe
              (80 damage)
             ... in the Dungeon (Sprint VIII: "Arena of Blood").
             The game lasted 00:07:43 (67 turns).

Ashen the Intangible (Djinni Hedge Wizard)            Turns: 67, Time: 00:07:44

Health: -13/228    AC:  4    Str:  9    XL:     27
Gold:   0          EV: 29    Int: 26    God:    Makhleb [******] SH:  0 Dex: 17

rFire   + + .        i - +∞ Axe of Woe
rCold   x . .        (shield currently unavailable)
rNeg    . . .        b - +0 robe
rPois   ∞            c - +0 hat
rElec   .            (no cloak)
rCorr   .            (no gloves)
SInv    .            (boots unavailable)
Will    ++...        (no amulet)
Stlth   ++++++++++   (no ring)
HPRegen 0.58/turn    (no ring)
MPRegen 0.00/turn

%: no teleportation, infuse magic (-14 HP)
@: flying
A: sickness immunity, fire resistance 2, cold vulnerability 1, float, innate
caster, HP casting, extra vitality 1
a: Renounce Religion, Minor Destruction, Lesser Servant of Makhleb, Major
Destruction, Greater Servant of Makhleb


You were in the Dungeon.
You worshipped Makhleb.
Makhleb was exalted by your worship.
You visited 1 branch

Inventory:

Hand Weapons
 a - a +0 dagger
 i - the +∞ Axe of Woe (weapon)
   (You found it in the Dungeon)
Armour
 b - a +0 robe (worn)
 c - a +0 hat (worn)
Scrolls
 h - a scroll of blinking
Potions
 d - a potion of curing
 e - a potion of heal wounds
 f - a potion of haste
 g - a potion of berserk rage


   Skills:
 O Level 27 Fighting
 O Level 27 Short Blades
 O Level 27 Long Blades
 O Level 27 Axes
 O Level 27 Maces & Flails
 O Level 27 Polearms
 O Level 27 Staves
 O Level 27 Ranged Weapons
 O Level 27 Throwing
 O Level 27 Armour
 O Level 27 Dodging
 O Level 27 Stealth
 O Level 27 Shields
 O Level 27 Unarmed Combat
 O Level 27 Spellcasting
 O Level 27 Conjurations
 O Level 27 Hexes
 O Level 27 Summonings
 O Level 27 Necromancy
 O Level 27 Translocations
 O Level 27 Fire Magic
 O Level 27 Ice Magic
 O Level 27 Air Magic
 O Level 27 Earth Magic
 O Level 27 Alchemy
 O Level 27 Invocations
 O Level 27 Evocations
 O Level 27 Shapeshifting


You knew the following spells:

 Your Spells              Type           Power      Damage    Failure   Level
a - Magic Dart            Conj           100%       1d8       0%          1
b - Slow                  Hex            100%       N/A       0%          1
c - Blink                 Tloc           100%       N/A       0%          2
d - Call Imp              Summ           100%       N/A       0%          2
e - Mephitic Cloud        Conj/Alch/Air  100%       N/A       0%          3
f - Necrotise             Necr           100%       1d9       0%          1
g - Scorch                Fire           100%       2d9       0%          2
h - Mercury Vapours       Alch/Air       100%       N/A       0%          2
i - Stone Arrow           Conj/Erth      100%       3d13      0%          3
j - Summon Blazeheart Go  Fire/Summ      100%       N/A       0%          4
k - Metabolic Englaciati  Hex/Ice        54%        N/A       0%          5
l - Sculpt Simulacrum     Ice/Alch       54%        N/A       0%          6
m - Orb of Destruction    Conj           54%        9d14      0%          7
n - Starburst             Conj/Fire      54%        6d15      0%          6
o - Discord               Hex            54%        N/A       1%          8
p - Summon Hydra          Summ           54%        N/A       0%          7
q - Disjunction           Tloc           54%        N/A       1%          8
r - Chain Lightning       Conj/Air       54%        3d72      1%          9
Your spell library was empty.

Dungeon Overview and Level Annotations

Branches:
Dungeon (1/1)

Altars:
Makhleb


Innate Abilities, Weirdness & Mutations

You are immune to sickness and miasma.
You are immune to poison.
Your flesh is very heat resistant. (rF++)
You are vulnerable to cold. (rC-)
You float through the air rather than walking.
You learn spells naturally, not from books.
Your magical power is your life essence.
You have superior vitality. (+4 MHP)


Message History

The bolt of lightning hits the accursed!
The accursed resists.
The accursed is lightly damaged.
The bolt of lightning hits the tyrant!!!
The tyrant is lightly damaged.
The bolt of lightning hits the meat berserker!
The meat berserker is severely wounded.
The bolt of lightning hits the large abomination!!
The large abomination is moderately damaged.
The bolt of lightning hits the accursed!
The accursed resists.
The accursed is lightly damaged.
The bolt of lightning hits the large bag of meat!
Flame seeps out of the large bag of meat.
The large bag of meat is almost dead.
The bolt of lightning hits the tentacled monstrosity!
The tentacled monstrosity resists.
The tentacled monstrosity is lightly wounded.
The bolt of lightning hits the meat beast!!
The meat beast is lightly wounded.
The bolt of lightning hits the bag of meat!!
The bag of meat is moderately wounded.
The bolt of lightning hits the large bag of meat!!
Flame seeps out of the large bag of meat.
The large bag of meat is almost dead.
The bolt of lightning hits the bag of meat!!
The bag of meat is almost dead.
You are engulfed in blazing flames.
You resist.
You hear a shout!
You hear a horrible gurgling sound!
You hear a shout! x4
The meat berserker is engulfed in blazing flames.
The tyrant waves its bony arms in wide circles.
The air twists around and strikes you!!
A meat berserker comes into view. It is wielding a +9 battleaxe.
The meat berserker is engulfed in blazing flames.
The accursed casts a spell at you. Something smites you!
* * * LOW HITPOINT WARNING * * *
The sculptor of flesh is engulfed in blazing flames.
The meat berserker hits you with a +9 battleaxe!!!!
You die...

..o.)..oo......o..
#...#.o.o.)☼)§z....o..
.§2§.#....).§§.)).....
O§VWo.O..))....z..o..
..☼O§....OO))).M..... #
§○zo. #.).MV..# O))#.§o
#..VO...#
#.)).☼O###)§Mo.).###...
.)L.V§§@O)))###§.......
.)§)#)O))OzooX.○).°o...
. #.O..VMo#.o.O.#O.....
..oXzz.o..#_.<)_#.○o...
.X#..o....#.§)X.# .....
.ooL#O......._z☼§o.....
=o.oOX).....###)§......
o)...°.###..L ...###...
#.. ..#


You could see 2 accurseds, 2 tentacled monstrosities, a meat beast (fast), 3
tyrants, 4 destroyers, 4 sculptors of flesh, 3 large bags of meat, 3 large
abominations, a dread, 10 meat berserkers, 17 bags of meat and a neutral
destroyer (fast, strong, frenzied, distracted).

Vanquished Creatures
  A hell beast (D)
  Harold (D)
  7 vampire knights (D)
  33 ogres (D)
  3 two-headed ogres (D)
  A lich (D)
  34 orcs (D)
  2 skeletal warriors (D)
82 creatures vanquished.

Vanquished Creatures (collateral kills)
  A royal mummy (D)
  3 vampire knights (D)
  5 ogres (D)
  7 two-headed ogres (D)
  41 orcs (D)
  2 skeletal warriors (D)
59 creatures vanquished.

Vanquished Creatures (others)
  4 vampire knights (D)
  A two-headed ogre (D)
  A hydra (D)
  44 orcs (D)
  A skeletal warrior (D)
51 creatures vanquished.

Grand Total: 192 creatures vanquished

Notes
Turn   | Place    | Note
-------+----------+-------------------------------------------
     0 | D        | Found the +∞ Axe of Woe
     0 | D        | Ashen the Djinni Hedge Wizard began the quest for the Orb.
     0 | D        | Ashen set off with the following spells memorised: Magic
                  | Dart, Slow, Blink, Call Imp, Mephitic Cloud.
     0 | D        | Reached XP level 1. HP: 15/15 MP: 0/0
     0 | D        | Noticed a meat berserker
     1 | D        | Noticed a bag of meat
     2 | D        | Killed a meat berserker
     2 | D        | Noticed a bag of meat
     2 | D        | Noticed a bag of meat
     2 | D        | Noticed a bag of meat
     3 | D        | Reached XP level 2. HP: 25/25 MP: 0/0
     3 | D        | Reached XP level 3. HP: 30/30 MP: 0/0
     3 | D        | Learned a level 1 spell: Necrotise
     3 | D        | Reached XP level 4. HP: 35/35 MP: 0/0
     3 | D        | Reached XP level 5. HP: 40/40 MP: 0/0
     3 | D        | Learned a level 2 spell: Scorch
     3 | D        | Reached XP level 6. HP: 46/46 MP: 0/0
     3 | D        | Reached XP level 7. HP: 50/50 MP: 0/0
     3 | D        | Learned a level 2 spell: Mercury Vapours
     3 | D        | Reached XP level 8. HP: 56/56 MP: 0/0
     3 | D        | Reached XP level 9. HP: 61/61 MP: 0/0
     3 | D        | Learned a level 3 spell: Stone Arrow
     3 | D        | Reached XP level 10. HP: 67/67 MP: 0/0
     3 | D        | Reached XP level 11. HP: 71/71 MP: 0/0
     3 | D        | Learned a level 4 spell: Summon Blazeheart Golem
     3 | D        | Reached XP level 12. HP: 76/76 MP: 0/0
     4 | D        | Became a worshipper of Makhleb the Destroyer
     6 | D        | Noticed a bag of meat
     6 | D        | Noticed a meat berserker
     7 | D        | Noticed a bag of meat
     7 | D        | Noticed a meat berserker
     8 | D        | Noticed a large bag of meat
     9 | D        | Noticed a meat berserker
     9 | D        | Noticed a bag of meat
     9 | D        | Noticed a bag of meat
     9 | D        | Noticed a bag of meat
     9 | D        | Noticed a bag of meat
    10 | D        | Killed a meat berserker
    10 | D        | Noticed a bag of meat
    10 | D        | Noticed a bag of meat
    10 | D        | Noticed a bag of meat
    10 | D        | Noticed a bag of meat
    10 | D        | Noticed a bag of meat
    11 | D        | Reached skill level 10 in Fighting
    11 | D        | Reached skill level 10 in Axes
    11 | D        | Reached XP level 13. HP: 96/96 MP: 0/0
    11 | D        | Learned a level 5 spell: Metabolic Englaciation
    11 | D        | Noticed a large bag of meat
    11 | D        | Killed a meat berserker
    11 | D        | Reached * piety under Makhleb
    11 | D        | Killed a bag of meat
    11 | D        | Noticed a bag of meat
    11 | D        | Noticed a bag of meat
    11 | D        | Noticed a bag of meat
    11 | D        | Noticed a bag of meat
    12 | D        | Reached XP level 14. HP: 112/112 MP: 0/0
    12 | D        | Killed a meat berserker
    12 | D        | Noticed a meat berserker
    12 | D        | Noticed a bag of meat
    12 | D        | Noticed a meat berserker
    12 | D        | Noticed a bag of meat
    12 | D        | Noticed a meat berserker
    12 | D        | Noticed a meat berserker
    12 | D        | Noticed a meat berserker
    13 | D        | Reached skill level 27 in Dodging
    13 | D        | Reached XP level 15. HP: 111/121 MP: 0/0
    13 | D        | Learned a level 6 spell: Sculpt Simulacrum
    13 | D        | Reached ** piety under Makhleb
    13 | D        | Killed a large bag of meat
    14 | D        | Reached XP level 16. HP: 118/137 MP: 0/0
    14 | D        | Reached *** piety under Makhleb
    14 | D        | Reached **** piety under Makhleb
    14 | D        | Noticed a meat berserker
    14 | D        | Noticed a meat berserker
    15 | D        | Reached XP level 17. HP: 141/150 MP: 0/0
    15 | D        | Learned a level 7 spell: Orb of Destruction
    15 | D        | Noticed a meat berserker
    16 | D        | Killed a large bag of meat
    16 | D        | Reached ***** piety under Makhleb
    16 | D        | Killed a meat berserker
    16 | D        | Killed a meat berserker
    17 | D        | Reached skill level 27 in Fighting
    17 | D        | Reached skill level 27 in Axes
    17 | D        | Reached skill level 27 in Stealth
    17 | D        | Reached XP level 18. HP: 151/167 MP: 0/0
    17 | D        | Reached XP level 19. HP: 157/174 MP: 0/0
    17 | D        | Learned a level 6 spell: Starburst
    17 | D        | Noticed a destroyer
    18 | D        | Reached ****** piety under Makhleb
    18 | D        | Killed a meat berserker
    19 | D        | Killed a destroyer
    19 | D        | Killed a meat berserker
    20 | D        | Reached skill level 27 in Spellcasting
    20 | D        | Reached skill level 27 in Conjurations
    20 | D        | Reached skill level 27 in Hexes
    20 | D        | Reached skill level 27 in Summonings
    20 | D        | Reached skill level 27 in Necromancy
    20 | D        | Reached skill level 27 in Translocations
    20 | D        | Reached skill level 27 in Fire Magic
    20 | D        | Reached skill level 27 in Ice Magic
    20 | D        | Reached skill level 27 in Air Magic
    20 | D        | Reached skill level 27 in Earth Magic
    20 | D        | Reached skill level 27 in Alchemy
    20 | D        | Reached XP level 20. HP: 176/181 MP: 0/0
    20 | D        | Killed a meat berserker
    20 | D        | Noticed a meat berserker
    21 | D        | Reached skill level 5 in Maces & Flails
    21 | D        | Reached skill level 5 in Polearms
    21 | D        | Reached skill level 5 in Ranged Weapons
    21 | D        | Reached skill level 5 in Throwing
    21 | D        | Reached skill level 5 in Shapeshifting
    21 | D        | Killed a meat berserker
    21 | D        | Killed a meat berserker
    21 | D        | Noticed a large bag of meat
    22 | D        | Reached skill level 10 in Armour
    22 | D        | Reached skill level 10 in Shields
    22 | D        | Reached skill level 10 in Unarmed Combat
    22 | D        | Reached skill level 10 in Invocations
    22 | D        | Reached skill level 10 in Evocations
    22 | D        | Reached XP level 21. HP: 185/187 MP: 0/0
    22 | D        | Learned a level 8 spell: Discord
    22 | D        | Killed a meat berserker
    23 | D        | Reached skill level 10 in Maces & Flails
    23 | D        | Reached skill level 10 in Polearms
    23 | D        | Reached skill level 10 in Ranged Weapons
    23 | D        | Reached skill level 10 in Throwing
    23 | D        | Reached skill level 10 in Shapeshifting
    23 | D        | Reached XP level 22. HP: 188/194 MP: 0/0
    23 | D        | Noticed a large bag of meat
    23 | D        | Noticed a meat berserker
    24 | D        | Noticed a large bag of meat
    25 | D        | Noticed a meat berserker
    25 | D        | Noticed a large bag of meat
    26 | D        | Noticed a destroyer
    27 | D        | Noticed a destroyer
    27 | D        | Noticed a destroyer
    27 | D        | Noticed a meat berserker
    27 | D        | Noticed a meat berserker
    27 | D        | Noticed a meat berserker
    28 | D        | Reached XP level 23. HP: 143/201 MP: 0/0
    28 | D        | Learned a level 7 spell: Summon Hydra
    28 | D        | Noticed a destroyer
    29 | D        | Reached skill level 15 in Armour
    29 | D        | Reached skill level 15 in Shields
    29 | D        | Reached skill level 15 in Unarmed Combat
    29 | D        | Reached skill level 15 in Invocations
    29 | D        | Reached skill level 15 in Evocations
    29 | D        | Killed a destroyer
    30 | D        | Reached skill level 15 in Short Blades
    30 | D        | Reached skill level 15 in Long Blades
    30 | D        | Reached skill level 15 in Staves
    30 | D        | Killed a large bag of meat
    31 | D        | Reached XP level 24. HP: 170/208 MP: 0/0
    32 | D        | Reached skill level 15 in Maces & Flails
    32 | D        | Reached skill level 15 in Polearms
    32 | D        | Reached skill level 15 in Ranged Weapons
    32 | D        | Reached skill level 15 in Throwing
    32 | D        | Reached skill level 15 in Shapeshifting
    32 | D        | Noticed a destroyer
    33 | D        | Noticed a destroyer
    34 | D        | Killed a large bag of meat
    35 | D        | Reached XP level 25. HP: 214/214 MP: 0/0
    35 | D        | Learned a level 8 spell: Disjunction
    35 | D        | Killed a large bag of meat
    37 | D        | Reached XP level 26. HP: 213/221 MP: 0/0
    37 | D        | Noticed a destroyer
    37 | D        | Killed a large bag of meat
    37 | D        | Noticed a large bag of meat
    38 | D        | Killed a destroyer
    40 | D        | Killed a large bag of meat
    41 | D        | Killed a destroyer
    42 | D        | Reached XP level 27. HP: 200/228 MP: 0/0
    42 | D        | Learned a level 9 spell: Chain Lightning
    42 | D        | Killed a destroyer
    45 | D        | Noticed an accursed
    45 | D        | Noticed a destroyer
    45 | D        | Killed a destroyer
    46 | D        | Killed a destroyer
    46 | D        | Killed a destroyer
    46 | D        | Noticed a destroyer
    47 | D        | Reached skill level 27 in Armour
    47 | D        | Reached skill level 27 in Shields
    47 | D        | Reached skill level 27 in Unarmed Combat
    47 | D        | Reached skill level 27 in Invocations
    47 | D        | Reached skill level 27 in Evocations
    47 | D        | Noticed a destroyer
    48 | D        | Noticed an accursed
    49 | D        | Noticed a large bag of meat
    49 | D        | Noticed a destroyer
    49 | D        | Noticed an accursed
    51 | D        | Reached skill level 27 in Short Blades
    51 | D        | Reached skill level 27 in Long Blades
    51 | D        | Reached skill level 27 in Staves
    51 | D        | Noticed a tyrant
    52 | D        | Killed a destroyer
    52 | D        | Killed an accursed
    53 | D        | Reached skill level 27 in Maces & Flails
    53 | D        | Reached skill level 27 in Polearms
    53 | D        | Reached skill level 27 in Ranged Weapons
    53 | D        | Reached skill level 27 in Throwing
    53 | D        | Reached skill level 27 in Shapeshifting
    53 | D        | Noticed a destroyer
    53 | D        | Noticed a destroyer
    53 | D        | Noticed a large bag of meat
    53 | D        | Noticed The Servant
    53 | D        | Noticed a destroyer
    53 | D        | Noticed a large bag of meat
    53 | D        | HP: 7/228 [accursed/divine providence (12)]
    53 | D        | Noticed a destroyer
    54 | D        | Noticed a tyrant
    54 | D        | Killed a destroyer
    55 | D        | Killed a large bag of meat
    56 | D        | Killed a large bag of meat
    56 | D        | Killed a destroyer
    57 | D        | Noticed a destroyer
    59 | D        | Killed a destroyer
    60 | D        | Noticed a meat beast
    60 | D        | Noticed a destroyer
    60 | D        | Killed a destroyer
    61 | D        | Killed a large bag of meat
    62 | D        | Killed a destroyer
    62 | D        | Noticed a tyrant
    63 | D        | Noticed an accursed
    63 | D        | Killed The Servant
    63 | D        | Noticed a tyrant
    63 | D        | Noticed an accursed
    63 | D        | Noticed a large bag of meat
    63 | D        | Noticed a meat beast
    64 | D        | Killed a large bag of meat
    65 | D        | Killed a meat beast
    66 | D        | Noticed a tyrant
    66 | D        | Noticed a meat beast
    66 | D        | Noticed a large bag of meat
    67 | D        | Noticed a dread
    67 | D        | Killed a tyrant
    67 | D        | Mangled by a meat berserker

Illustrated notes

Levels and vault maps discovered:
D:        meatsprint

Skill      XL: |  1  2  3  4  5  6  7  8  9 10 11 12 13 14 15 16 17 18 19 20 21 22 23 24 25 26 27 |
---------------+----------------------------------------------------------------------------------+-----
Fighting       | 3 10 14 16 19 23 27 | 27.0
Axes           | 6 10 13 14 17 22 27 | 27.0
Dodging        | 22 24 26 27 | 27.0
Stealth        | 17 19 21 22 24 26 27 | 27.0
Spellcasting   | 27 | 27.0
Conjurations   | 27 | 27.0
Hexes          | 27 | 27.0
Summonings     | 27 | 27.0
Necromancy     | 27 | 27.0
Translocations | 27 | 27.0
Fire Magic     | 27 | 27.0
Ice Magic      | 27 | 27.0
Air Magic      | 27 | 27.0
Earth Magic    | 27 | 27.0
Alchemy        | 27 | 27.0
Short Blades   | 9 11 13 16 18 20 23 27 | 27.0
Long Blades    | 9 11 13 16 18 20 23 27 | 27.0
Maces & Flails | 8 10 12 14 17 18 21 27 | 27.0
Polearms       | 8 10 12 14 17 18 21 27 | 27.0
Staves         | 9 11 13 16 18 20 23 27 | 27.0
Ranged Weapons | 8 10 12 14 17 18 21 27 | 27.0
Throwing       | 8 10 12 14 17 18 21 27 | 27.0
Armour         | 10 12 14 17 20 21 25 27 | 27.0
Shields        | 10 12 14 17 20 21 25 27 | 27.0
Unarmed Combat | 10 12 14 17 20 21 25 27 | 27.0
Invocations    | 10 12 14 17 20 21 25 27 | 27.0
Evocations     | 10 12 14 17 20 21 25 27 | 27.0
Shapeshifting  | 8 10 12 14 17 18 21 27 | 27.0

Action                     |  1- 3 |  4- 6 |  7- 9 | 10-12 | 13-15 | 16-18 | 19-21 | 22-24 | 25-27 || total
---------------------------+-------+-------+-------+-------+-------+-------+-------+-------+-------++-------
  Melee: Executioner's axe |     1 |       |       |     1 |     3 |     3 |     6 |     5 |    21 ||    40
   Cast: Discord           |       |       |       |       |       |       |       |     2 |     2 ||     4
         Disjunction       |       |       |       |       |       |       |       |       |     2 ||     2
         Chain Lightning   |       |       |       |       |       |       |       |       |     5 ||     5
 Armour: Robe              |       |       |       |       |     3 |     4 |     7 |     4 |    24 ||    42
  Dodge: Dodged            |       |       |       |       |       |       |       |     1 |     1 ||     2
